 Dungeon Crawl Stone Soup version 0.23-a0-635-g88ca12a (webtiles) character file.

95 zishaf the Chucker (level 4, -1/42 HPs)
             Began as a Troll Hunter on Dec 27, 2018.
             Slain by Sigmund
             ... wielding a +0 scythe
              (21 damage)
             ... on level 3 of the Dungeon.
             The game lasted 00:03:43 (1760 turns).

zishaf the Chucker (Troll Hunter)                   Turns: 1760, Time: 00:03:44

Health: -1/42      AC:  6    Str: 20    XL:     4   Next: 39%
Magic:  3/3        EV: 10    Int:  7    God:
Gold:   127        SH:  0    Dex: 11    Spells: 3/3 levels left

rFire    . . .     SeeInvis .     - Unarmed
rCold    . . .     Gourm    +   (no shield)
rNeg     . . .     Faith    .   b - +0 robe
rPois    .         Spirit   .   (helmet restricted)
rElec    .         Reflect  .   e - +0 cloak (curse)
rCorr    .         Harm     .   (gloves unavailable)
MR       .....                  (boots unavailable)
Stlth    +.........             (no amulet)
HPRegen  0.54/turn              (no ring)
MPRegen  0.08/turn              (no ring)

@: no status effects
A: large, unfitting armour, claws 3, fast metabolism 3, gourmand, regeneration
1, shaggy fur 1, tough skin 2
a: no special abilities


You were on level 3 of the Dungeon.
You were completely stuffed.

You visited 1 branch of the dungeon, and saw 4 of its levels.

You collected 127 gold pieces.

Inventory:

Missiles
 c - 5 large rocks (quivered)
 d - 2 throwing nets
 l - 88 stones
 o - 4 tomahawks
Armour
 b - a +0 robe (worn)
 e - a cursed +0 cloak (worn)
Scrolls
 h - a scroll of teleportation {unknown}
 i - a scroll of fear {unknown}
 j - a scroll of blinking {unknown}
 k - a scroll of immolation {unknown}
 n - a scroll of enchant armour {unknown}
 p - a scroll of identify {unknown}
Potions
 g - a potion of ambrosia {unknown}
 m - a potion of cancellation {unknown}
Comestibles
 a - 3 chunks of flesh
 f - 5 rations


   Skills:
 + Level 2.1 Fighting
 + Level 4.0 Throwing
 + Level 2.1 Dodging
 - Level 0.3 Stealth
 * Level 2.4 Unarmed Combat


You had 3 spell levels left.
You didn't know any spells.
Your spell library was empty.

Dungeon Overview and Level Annotations

Branches:
Dungeon (4/15)
 Temple: D:4-7

Altars:

Annotations:
D:3 Sigmund


Innate Abilities, Weirdness & Mutations

You are too large for most types of armour.
You have claws for hands.
Your metabolism is lightning-fast.
You like to eat raw meat.
Your natural rate of healing is unusually fast.
You are covered in fur. (AC +1)
You have very tough skin. (AC +2)


Message History

A jackal comes into view.
The kobold hits you with a +0 club.
You closely miss the kobold. The kobold hits you with a +0 club.
A rat comes into view.
Sigmund closely misses you.
Things that are here:
a stone; an orc corpse Sigmund drinks a potion.
Sigmund seems to grow stronger.
You claw Sigmund!
Sigmund is moderately wounded.
The kobold barely misses you. Sigmund hits you with a +0 scythe!
You barely miss Sigmund.
Sigmund is moderately wounded.
The kobold hits you but does no damage. Sigmund barely misses you.
You closely miss Sigmund.
Sigmund is moderately wounded.
The kobold hits you with a +0 club. Sigmund hits you with a +0 scythe!!
Ouch! That really hurt!
You die...

...## ####......# .# ....#
#...#### .# .#..# #...# .#
.# >#..# #...# .##.##.
.#..# #...# ###.......
....# #...# #?(.......
...#######...####h##.....#
.###............K..#.###.#
................@@.r.#
.###...............#.# .#
#######...####.##..r .#
#...# #... .... .### #...#
##### .## ...# #...# .#
.#.# #...######### .#.#
#...##......# .#.#
##.###.####.#


You could see Sigmund, a jackal, a kobold and a rat.

Vanquished Creatures
  3 adders (D:3)
  2 worms
  3 dart slugs (D:1)
  A leopard gecko (D:1)
  An orc (D:3)
  6 bats
  2 giant cockroaches
  6 goblins
  4 hobgoblins
  3 jackals
  8 kobolds
  2 ball pythons
  4 frilled lizards
  8 rats
53 creatures vanquished.

Notes
Turn   | Place    | Note
-------+----------+-------------------------------------------
     0 | D:1      | zishaf the Troll Hunter began the quest for the Orb.
     0 | D:1      | Reached XP level 1. HP: 19/19 MP: 0/0
    95 | D:1      | Reached skill level 1 in Unarmed Combat
    95 | D:1      | Reached XP level 2. HP: 18/28 MP: 1/1
   407 | D:1      | Reached XP level 3. HP: 35/35 MP: 2/2
  1294 | D:3      | You fall through a shaft!
  1316 | D:4      | Noticed an ogre
  1316 | D:4      | Noticed a phantom
  1495 | D:3      | Reached XP level 4. HP: 42/42 MP: 3/3
  1496 | D:3      | Reached skill level 4 in Throwing
  1735 | D:3      | Noticed Sigmund
  1760 | D:3      | Slain by Sigmund

Vault maps used:
D:1:      lemuel_arrival_room, hangedman_decor_opposing, minmay_crystal_room,
          minmay_cupped
D:2:      minmay_skewed_foursquare
D:3:      first_ration, grunt_decor_arrowhead, uniq_sigmund

Skill      XL: |  1  2  3  4 |
---------------+-------------+-----
Unarmed Combat | 1 2 |  2.4
Dodging        | 2 |  2.1
Fighting       | 2 |  2.1
Throwing       | 4 |  4.0
Stealth        | |  0.3

Action                   |  1- 3 |  4- 6 || total
-------------------------+-------+-------++-------
Melee: Unarmed           |   128 |    25 ||   153
       Short sword       |     3 |       ||     3
 Stab: Sleeping          |     1 |       ||     1
  Eat: Chunk             |    19 |     3 ||    22
Armor: Robe              |    41 |     8 ||    49
Dodge: Dodged            |    71 |    15 ||    86

Table legend:
 A = Non-vault XP
 B = Vault XP
 C = Vault XP percentage of total XP
 D = Non-vault monster count
 E = Vault monster count
 F = Vault count percentage of total count
                 A         B        C        D         E       F
            +---------+---------+-------+---------+---------+-------
      Total |     122 |      14 |  10.3 |      46 |       7 |  13.2
            +---------+---------+-------+---------+---------+-------
        D:1 |      41 |      10 |  19.6 |      22 |       4 |  15.4
        D:2 |      22 |       4 |  15.4 |      12 |       3 |  20.0
        D:3 |      59 |       0 |   0.0 |      12 |       0 |   0.0
            +---------+---------+-------+---------+---------+-------
